 Dungeon Crawl Stone Soup version 0.27.1-33-g824d729ab1 (webtiles) character file.

Game seed: 17555159185329237732

584 lordive the Slasher (level 7, -4/61 HPs)
             Began as a Minotaur Monk on Dec 27, 2021.
             Was a Believer of Okawaru.
             Slain by an ice beast (13 damage)
             ... on level 4 of the Dungeon.
             The game lasted 00:06:48 (5445 turns).

lordive the Slasher (Minotaur Monk)                 Turns: 5445, Time: 00:06:49

Health: -4/61      AC:  9    Str: 18    XL:     7   Next: 14%
Magic:  5/6        EV:  5    Int:  7    God:    Okawaru [**....]
Gold:   149        SH:  7    Dex: 12    Spells: 6/6 levels left

rFire    + . .     SeeInvis +   g - +0 long sword
rCold    . . .     Faith    .   w - +0 kite shield
rNeg     . . .     Spirit   .   r - +0 chain mail
rPois    .         Reflect  .   (helmet restricted)
rElec    .         Harm     .   (no cloak)
rCorr    .         Rampage  .   (no gloves)
Will     .....                  (no boots)
Stlth    ..........             (no amulet)
HPRegen  0.20/turn              j - ring of protection from fire
MPRegen  0.10/turn              o - ring of see invisible

@: no status effects
A: horns 2, retaliatory headbutt
a: Renounce Religion, Heroism


You were on level 4 of the Dungeon.
You worshipped Okawaru.
Okawaru was pleased with you.
You visited 1 branch of the dungeon, and saw 4 of its levels.
You also visited: Sewer.

You collected 149 gold pieces.

Inventory:

Hand Weapons
 g - a +0 long sword (weapon)
Armour
 r - a +0 chain mail (worn)
 w - a +0 kite shield (worn)
Jewellery
 j - a ring of protection from fire (left hand)
 o - a ring of see invisible (right hand)
Wands
 h - a wand of iceblast (7)
Scrolls
 a - a scroll of noise {unknown}
 b - a scroll of immolation {unknown}
 c - a scroll of acquirement {unknown}
 e - a scroll of amnesia {unknown}
 k - a scroll of magic mapping {unknown}
 l - a scroll of enchant weapon {unknown}
 m - 3 scrolls of blinking {unknown}
 q - a scroll of brand weapon {unknown}
 t - 3 scrolls of teleportation {unknown}
Potions
 d - a potion of might
 f - a potion of lignification {unknown}
 i - a potion of brilliance {unknown}
 n - 2 potions of haste {unknown}
 p - 2 potions of heal wounds
 s - a potion of invisibility {unknown}
 u - 2 potions of cancellation {unknown}
 v - 2 potions of attraction {unknown}


   Skills:
 + Level 5.5 Fighting
 + Level 6.8 Long Blades
 + Level 4.2 Armour
 + Level 4.2 Dodging
 + Level 2.0 Stealth
 * Level 0.6 Invocations


You had 6 spell levels left.
You didn't know any spells.
Your spell library contained the following spells:

 Spells                   Type           Power      Damage    Failure   Level
 Animate Armour           Summ/Erth      0%         N/A       100%        4
 Blade Hands              Tmut           0%         N/A       100%        5
 Iron Shot                Conj/Erth      0%         9d1       100%        6


Dungeon Overview and Level Annotations

Branches:
Dungeon (4/15)              Sewer (visited)
 Temple: D:4-7

Altars:
Hepliaklqana
Okawaru
Vehumet
Xom
Zin

Annotations:
D:4 Eustachio


Innate Abilities, Weirdness & Mutations

You have a pair of horns on your head.
You reflexively headbutt those who attack you in melee.


Message History

Eustachio blinks!
You closely miss the ice beast. Your headbutt misses the ice beast.
The white imp gestures at you. The puff of frost hits you.
Your chain mail prevents you from hitting the ice beast.
You headbutt the ice beast, but do no damage.
The ice beast hits you but does no damage.
You block the white imp's attack.
You closely miss the ice beast. You block the ice beast's attack.
The white imp closely misses you.
You hit the ice beast.
You headbutt the ice beast, but do no damage.
The ice beast is lightly wounded.
The ice beast hits you but does no damage.
The white imp gestures at you. The puff of frost misses you.
The puff of frost hits the ice beast.
The ice beast completely resists.
You hit the ice beast. Your headbutt misses the ice beast.
The ice beast is moderately wounded.
The ice beast hits you. The ice beast freezes you!
You block the white imp's attack.
You slash the ice beast!
The ice beast is heavily wounded.
The ice beast hits you. The ice beast freezes you!
* * * LOW HITPOINT WARNING * * *
You block the white imp's attack.
Unknown command.
You hit the ice beast but do no damage. Your headbutt misses the ice beast.
The ice beast is heavily wounded.
You feel like a meek peon again.
The ice beast hits you but does no damage.
Eustachio growls, "To hell with you, honourless miscreant!"
Eustachio gestures wildly while chanting.
You block the white imp's attack.
You hit the ice beast but do no damage.
The ice beast is heavily wounded.
The ice beast hits you.
* * * LOW HITPOINT WARNING * * *
The ice beast freezes you!
You die...

###### ### .....# ##.##
.)...# ##...##
####.#####.....########
................5.....#
####.#####.....#@####.#
####.# ##...##Y####
.....# ##.###@5..#
###### ### #..5....# #
####### #.##.#..# #
#.....# #.. ....#
######.....# #.. ##.#
...........# #..# #
...........#####...


You could see Eustachio, an ice beast, an iron imp (summoned) and 2 white imps.

Vanquished Creatures
  2 kobold brigands (Sewer)
  2 iguanas
  An orc wizard (D:3)
  A hound skeleton (D:4)
  6 gnolls
  5 river rats
  13 adders
  An adder skeleton (D:4)
  6 worms
  2 dart slugs (D:4)
  3 orcs (D:3)
  10 ball pythons
  4 bats
  7 endoplasms
  2 giant cockroaches
  6 hobgoblins
  5 jackals (D:2)
  5 quokkas
  4 frilled lizards
  13 goblins
  16 kobolds
  11 rats
125 creatures vanquished.

Notes
Turn   | Place    | Note
-------+----------+-------------------------------------------
     0 | D:1      | lordive the Minotaur Monk began the quest for the Orb.
     0 | D:1      | Reached XP level 1. HP: 19/19 MP: 0/0
   131 | D:1      | Reached XP level 2. HP: 22/27 MP: 1/1
   303 | D:1      | Reached skill level 4 in Long Blades
   853 | D:2      | Reached XP level 3. HP: 23/34 MP: 2/2
  1164 | D:2      | Found a glowing silver altar of Zin.
  1170 | D:2      | Reached XP level 4. HP: 41/41 MP: 3/3
  1354 | D:2      | Reached skill level 1 in Armour
  1714 | D:2      | Reached skill level 5 in Long Blades
  2304 | D:3      | Reached XP level 5. HP: 45/47 MP: 4/4
  2482 | D:3      | Found a shimmering altar of Xom.
  2482 | D:3      | Found a radiant altar of Vehumet.
  2913 | D:3      | Found a hazy altar of Hepliaklqana.
  3427 | D:4      | Reached skill level 5 in Fighting
  3510 | D:4      | Reached XP level 6. HP: 48/56 MP: 5/5
  3654 | D:4      | Found a glowing drain.
  3663 | Sewer    | Entered a sewer
  3682 | Sewer    | Reached skill level 6 in Long Blades
  4935 | D:4      | Found an iron altar of Okawaru.
  4948 | D:4      | Became a worshipper of Warmaster Okawaru
  4948 | D:4      | Reached * piety under Okawaru
  4948 | D:4      | Reached ** piety under Okawaru
  5009 | D:4      | Reached XP level 7. HP: 61/61 MP: 6/6
  5419 | D:4      | Noticed Eustachio
  5445 | D:4      | Slain by an ice beast

Illustrated notes

Levels and vault maps discovered:
D:1:      dpeg_arrival_simpleton_c, layout_rooms
D:2:      minmay_razor_zed, layout_basic, basic_altar, minmay_misc_feat_encased
D:3:      minmay_inner_zag, layout_loops_cross,
          nicolae_hepliaklqana_hippocampus, gammafunk_temple_overflow_statue,
          minmay_tree_intersection
D:4:      layout_loops_cross, mainiacjoe_overflow_brackets,
          lightli_sewer_entry_pipes, uniq_eustachio

Skill      XL: |  1  2  3  4  5  6 |
---------------+-------------------+-----
Fighting       | 4 5 |  5.5
Long Blades    | 4 5 6 |  6.8
Armour         | 1 3 4 |  4.2
Stealth        | 2 |  2.0
Dodging        | 4 |  4.2
Invocations    | |  0.6

Action                   |  1- 3 |  4- 6 |  7- 9 || total
-------------------------+-------+-------+-------++-------
Melee: Falchion          |    14 |       |       ||    14
       Headbutt          |     9 |    36 |     8 ||    53
       Long sword        |    31 |   234 |    52 ||   317
Invok: Heroism           |       |       |     1 ||     1
 Stab: Sleeping          |     1 |       |       ||     1
       Distracted        |       |     1 |       ||     1
Armor: Robe              |     2 |       |       ||     2
       Ring mail         |    12 |    22 |       ||    34
       Chain mail        |       |    68 |    31 ||    99
Dodge: Dodged            |    37 |    94 |    19 ||   150
Block: Kite shield       |       |       |    15 ||    15
       Rpst.: Long sword |     4 |    29 |     5 ||    38
       Falchion          |     1 |       |       ||     1
